 Dungeon Crawl Stone Soup version 0.20.1-1-g8b1a95d (webtiles) character file.

70 renl the Ruffian (level 4, -1/40 HPs)
             Began as a Ghoul Monk on July 9, 2017.
             Slain by a goblin
             ... wielding a +0 club
             ... led by Robin
              (3 damage)
             ... on level 2 of the Dungeon.
             The game lasted 00:03:52 (1193 turns).

renl the Ruffian (Ghoul Monk)                       Turns: 1193, Time: 00:03:53

Health: -1/40      AC:  6    Str: 14    XL:     4   Next: 21%
Magic:  12/12      EV: 10    Int:  5    God:
Gold:   112        SH:  0    Dex: 12    Spells: 3/3 levels left

rFire    . . .     SeeInvis .     - Unarmed
rCold    + . .     Gourm    .   (no shield)
rNeg     + + +     Faith    .   h - +0 scale mail
rPois    ∞         Spirit   .   (no helmet)
rElec    .         Reflect  .   (no cloak)
rCorr    .         Harm     .   (no gloves)
MR       .....                  (no boots)
Stlth    +.........             (no amulet)
Regen    0.0/turn               a - ring of magical power
MPRegen  0.2/turn               (no ring)

@: rotting
A: rotting body, claws 1, carnivore 3, cold resistance 1, negative energy
resistance 3, inhibited regeneration, torment resistance, unbreathing
a: no special abilities


You were on level 2 of the Dungeon.
You were not hungry.

You visited 1 branch of the dungeon, and saw 2 of its levels.

You collected 112 gold pieces.

Inventory:

Armour
 h - a +0 scale mail (worn)
Jewellery
 a - a ring of magical power (left claw)
Scrolls
 e - a scroll of identify {unknown}
 k - a scroll of remove curse {unknown}
 l - 2 scrolls of enchant armour {unknown}
 m - a scroll of teleportation {unknown}
Potions
 c - a potion of curing {unknown}
 d - a potion of agility {unknown}
 i - 3 potions of heal wounds {unknown}
 j - a potion of haste {unknown}
Comestibles
 b - 2 meat rations
 g - 2 royal jellies


   Skills:
 * Level 3.9 Fighting
 + Level 0.1 Armour
 + Level 2.9 Dodging
 - Level 2.1 Stealth
 * Level 4.7 Unarmed Combat


You had 3 spell levels left.
You didn't know any spells.

Dungeon Overview and Level Annotations

Branches:
Dungeon (2/15)

Altars:
Elyvilon
Fedhas
Makhleb
Nemelex Xobeh


Innate Abilities, Weirdness & Mutations

Your body is rotting away.
You thrive on raw meat.
You are immune to poison.
You have sharp fingernails.
You are carnivorous and can eat meat at any time.
Your flesh is cold resistant. (rC+)
You are immune to negative energy. (rN+++)
You do not regenerate when monsters are visible.
You are immune to unholy pain and torment.
You can survive without breathing.


Message History

You scratch the goblin.
You kill the goblin!
You barely miss the goblin.
The goblin is heavily wounded.
The goblin barely misses you.
You closely miss the goblin.
The goblin is heavily wounded.
The goblin hits you but does no damage. x2
Your scale mail prevents you from hitting the goblin.
The goblin is heavily wounded.
The goblin barely misses you. x2
You closely miss the goblin.
The goblin is heavily wounded.
The goblin hits you with a dagger.
* * * LOW HITPOINT WARNING * * *
The goblin hits you with a club.
* * * LOW HITPOINT WARNING * * *
You closely miss the goblin. The goblin closely misses you.
The goblin hits you with a club.
You die...

#.# #+# ###.# #.# #.#
#.# #.# #.#
#########.# #.# ##%##
#.. ...##.# #.#
###...###.####.##.#
####.........#.......#
......)g.##..#.##.####
#g##.###..#.##.#
#.@gg.....#.##.#
####...........#
#############


You could see 3 goblins.

Vanquished Creatures
  Robin (D:2)
  An adder (D:2)
  A worm (D:2)
  4 giant cockroaches (D:1)
  10 goblins
  3 hobgoblins
  4 jackals (D:1)
  10 kobolds
  A ball python (D:1)
  3 bats (D:1)
  7 rats
45 creatures vanquished.

Notes
Turn   | Place    | Note
-------+----------+-------------------------------------------
     0 | D:1      | renl the Ghoul Monk began the quest for the Orb.
     0 | D:1      | Reached XP level 1. HP: 19/19 MP: 0/0
   125 | D:1      | Reached XP level 2. HP: 8/25 MP: 1/1
   413 | D:1      | Reached XP level 3. HP: 33/33 MP: 2/2
   453 | D:1      | Reached skill level 4 in Unarmed Combat
   882 | D:2      | Found a blossoming altar of Fedhas.
   887 | D:2      | Found a white marble altar of Elyvilon.
   888 | D:2      | Found a burning altar of Makhleb.
   888 | D:2      | Found a sparkling altar of Nemelex Xobeh.
  1166 | D:2      | Noticed Robin
  1185 | D:2      | Killed Robin
  1185 | D:2      | Reached XP level 4. HP: 11/40 MP: 3/3
  1192 | D:2      | HP: 2/40 [goblin/club[Robin] (3)]
  1193 | D:2      | Slain by a goblin

Skill      XL: |  1  2  3 |
---------------+----------+-----
Unarmed Combat | 4 |  4.7
Fighting       | |  3.9
Armour         | |  0.1
Dodging        | |  2.9
Stealth        | |  2.1

Action                   |  1- 3 |  4- 6 || total
-------------------------+-------+-------++-------
Melee: Unarmed           |   129 |     7 ||   136
 Stab: Sleeping          |     1 |       ||     1
  Eat: Chunk             |    22 |       ||    22
Armor: Robe              |    14 |       ||    14
       Scale mail        |    25 |       ||    25
Dodge: Dodged            |    72 |     5 ||    77
